 Dungeon Crawl Stone Soup version 0.28.0-43-g3370ac3207 (webtiles) character file.

Game seed: 16620891818369462459

39793 crimpus the Basher (level 14, -2/138 HPs)
             Began as a Gargoyle Berserker on Mar 14, 2022.
             Was an Initiate of Trog.
             Slain by a thrashing horror (3 damage)
             ... on level 5 of the Abyss.
             The game lasted 00:45:41 (25748 turns).

crimpus the Basher (Gargoyle Berserker)            Turns: 25748, Time: 00:45:43

Health: -2/138     AC: 34    Str: 27    XL:     14   Next: 8%
Magic:  11/14      EV:  2    Int:  9    God:    Trog [......]
Gold:   1804       SH: 18    Dex:  5    Spells: 13/13 levels left

rFire   + . .      SeeInvis .   j - +3 flail (protect)
rCold   + + .      Faith    .   a - +0 tower shield
rNeg    + . .      Spirit   .   (armour currently unavailable)
rPois   ∞          Reflect  +   (helmet currently unavailable)
rElec   +          Harm     .   (cloak currently unavailable)
rCorr   +          Rampage  .   (gloves currently unavailable)
Will    +....      NoTele   +   (boots currently unavailable)
Stlth   +.........              c - amulet "Mymyo" {Reflect rC+ Int+2 Dex-4 SH+5}
HPRegen 0.33/turn               g - ring of resist corrosion
MPRegen 0.14/turn               w - +4 ring of evasion

@: tree-form, resistant, under a protective aura
A: stationary, stasis, torment immunity, boosted hp, sickness immunity, AC +10,
(big wings), negative energy resistance 1, (electricity resistance), torment
resistance 1, petrification resistance, (large bone plates 1), MP-powered wands,
noise suppression
a: Renounce Religion


You were on level 5 of the Abyss.
You worshipped Trog.
Trog was noncommittal.
You were a tree.
You visited 1 branch of the dungeon, and saw 14 of its levels.
You visited the Abyss 1 time.
You also visited: Bailey.

You collected 1804 gold pieces.

Inventory:

Hand Weapons
 j - a +3 flail of protection (weapon)
Armour
 a - a +0 tower shield (worn)
 h - a +2 pair of boots of flying (melded)
 v - a +0 cloak of poison resistance
 y - the +4 cloak "Pacsule" (melded) {+Blink}
   (You found it on level 9 of the Dungeon)

   +Blink:    It lets you blink.
 A - a +1 helmet (melded)
 D - a +0 plate armour (melded)
 H - a +2 pair of gloves (melded)
Jewellery
 c - the amulet "Mymyo" (around neck) {Reflect rC+ Int+2 Dex-4 SH+5}
   (You acquired it on level 3 of the Dungeon)

   [amulet of reflection]

   It reflects blocked missile attacks.
   Int:       It affects your intelligence (+2).
   Dex:       It affects your dexterity (-4).
   rC:        It protects you from cold.
   SH:        It affects your SH (+5).
 g - a ring of resist corrosion (left branch)
 w - a +4 ring of evasion (right branch)
Wands
 k - a wand of iceblast (13)
 l - a wand of charming (4)
 E - a wand of acid (4)
 G - a wand of flame (14)
Scrolls
 f - 4 scrolls of identify
 o - 2 scrolls of vulnerability
 r - 2 scrolls of amnesia
 u - a scroll of silence
Potions
 b - 4 potions of flight
 e - 3 potions of attraction
 p - 2 potions of degeneration
 B - 2 potions of mutation


   Skills:
 + Level 12.2 Fighting
 + Level 14.9 Maces & Flails
 + Level 14.2 Armour
 - Level 1.6 Dodging
 + Level 10.1 Shields


You had 13 spell levels left.
You didn't know any spells.
Your spell library was empty.

Dungeon Overview and Level Annotations

Branches:
Dungeon (14/15)            Temple (0/1) D:4            Lair (0/6) D:8
    Orc (0/2) D:10         Vaults (0/5) D:13         Bailey (visited)

Altars:
Ashenzari
Kikubaaqudgha
Okawaru
Sif Muna
Wu Jian
Yredelemnul
Beogh

Shops:
D:9 *   D:10 *

Portals:
Trove: D:13 (give 4 potions of resistance)

Annotations:
D:12 2 transporters, Soldner's ghost, journeyman MiBe
D:13 3 runed translucent doors, Louise; Soldner's ghost, journeyman GrBe


Innate Abilities, Weirdness & Mutations

You are a tree.
Your roots penetrate the ground, keeping you stationary.
You cannot be teleported.
You are immune to unholy pain and torment.
Your maximum health is greatly increased.
Your equipment is partially melded.
You are immune to sickness and miasma.
((Your stone body is resilient. (AC +10)))
You are immune to poison.
((Your large and strong wings let you fly.))
You resist negative energy. (rN+)
((You are resistant to electric shocks. (rElec)))
You are resistant to unholy torment.
You are immune to petrification.
((You are partially covered in large bone plates. (SH +4)))
You expend magic power (3 MP) to strengthen your wands.
You passively dampen the noise of your surroundings.


Message History

You block the thrashing horror's attack.
You closely miss the thrashing horror.
You block the thrashing horror's attack. x2
The thrashing horror tramples you.
* * * LOW HITPOINT WARNING * * *
The thrashing horror tramples you but does no damage. x4
You block the thrashing horror's attack.
You hit the thrashing horror.
The thrashing horror is lightly damaged.
You block the thrashing horror's attack.
The thrashing horror barely misses you.
You block the thrashing horror's attack.
The thrashing horror tramples you.
* * * LOW HITPOINT WARNING * * *
The thrashing horror tramples you but does no damage. x2
Unknown command.
Unknown command.
You hit the thrashing horror.
The thrashing horror is lightly damaged.
You block the thrashing horror's attack. x3
The thrashing horror tramples you but does no damage. x5
You thump the thrashing horror!
The thrashing horror is moderately damaged.
You block the thrashing horror's attack.
The thrashing horror tramples you but does no damage.
You block the thrashing horror's attack. x2
The thrashing horror tramples you.
* * * LOW HITPOINT WARNING * * *
The thrashing horror tramples you but does no damage.
A tentacle flies out from the starspawn's body!
A starspawn tentacle comes into view.
Unknown command.
Unknown command.
Aiming: Charm
Press: ? - help, Shift-Dir - straight line, f - thrashing horror
Aim: a thrashing horror (chance to affect: 20%)
You feel a surge of power!
The thrashing horror resists with almost no effort.
The thrashing horror tramples you.
You die...

.# #### ...
.# X ...# .
.. ..##
...#. ..####
# ###X...# #
...#.### ##
#.#...######
#.'...FXXX♣#
###...wXX#X#
#..... ###
###....#
#... # #..
.# #... #
#.§x§. .##


You could see a tentacled starspawn, 4 thrashing horrors, a large abomination, a
blink frog and a starspawn tentacle.

Vanquished Creatures
  Frances (D:14)
  A very ugly thing (D:12)
  4 boulder beetles
  4 vault guards (D:13)
  Erolcha (D:13)
  4 hydras
  A rakshasa (D:9)
  2 centaur warriors (D:14)
  7 two-headed ogres
  A death knight (D:14)
  Sonja (D:13)
  3 skeletal warriors (D:13)
  2 wizards (D:14)
  An orc knight (Bailey)
  4 ugly things
  A deep elf pyromancer (D:14)
  2 manticores (D:12)
  A wolf spider (D:13)
  6 cyclopes
  Joseph (D:8)
  2 gargoyles
  Maggie (D:10)
  An efreet (D:12)
  2 komodo dragons (D:12)
  2 kobold demonologists
  7 trolls
  Prince Ribbit (D:8)
  A tarantella (shapeshifter) (D:14)
  10 slime creatures
  A centaur simulacrum (D:12)
  A large abomination (Abyss:2)
  2 wyverns
  11 yaks
  A vampire (D:13)
  A wraith (D:11)
  A shadow (D:13)
  A yak (shapeshifter) (D:13)
  5 vampire mosquitoes (D:13)
  A chaos spawn (Abyss:2)
  3 acid dragons
  2 water moccasins (D:7)
  A meliai simulacrum (D:14)
  2 ice beasts
  14 orc warriors
  2 hornet zombies
  4 ogres
  2 centaurs
  3 kobold brigands
  A small abomination (Abyss:2)
  2 bullfrogs
  3 scorpions
  A wyvern zombie (D:6)
  8 killer bees
  A howler monkey (D:13)
  15 wights
  4 centaur zombies
  A bullfrog zombie (D:5)
  A lava snake (D:12)
  4 jellies (D:6)
  4 hounds
  4 orc priests
  A centaur skeleton (D:4)
  7 orc wizards
  3 iguanas
  6 adders
  4 gnolls (D:5)
  A howler monkey skeleton (D:5)
  2 shadow imps (D:6)
  3 ufetubi
  A worm (D:4)
  2 dart slugs
  25 orcs
  8 bats
  5 endoplasms
  A giant cockroach (D:4)
  3 goblins
  6 hobgoblins
  30 kobolds
  9 quokkas
  8 ball pythons
  3 frilled lizards
  7 rats
317 creatures vanquished.

Vanquished Creatures (others)
  Nessos (D:13)
  A centaur warrior (D:14)
  A cyclops (D:14)
  2 meliai (D:14)
  A white imp (Abyss:2)
  22 fungi (D:5)
  6 plants (D:13)
  8 starspawn tentacles
  4 toadstools (D:1)
46 creatures vanquished.

Grand Total: 363 creatures vanquished

Notes
Turn   | Place    | Note
-------+----------+-------------------------------------------
     0 | D:1      | crimpus the Gargoyle Berserker began the quest for the Orb.
     0 | D:1      | Reached XP level 1. HP: 14/14 MP: 1/1
    99 | D:1      | Found a faded altar of an unknown god.
   852 | D:1      | Reached XP level 2. HP: 19/19 MP: 2/2
  1297 | D:2      | Reached XP level 3. HP: 24/24 MP: 3/3
  2015 | D:2      | Reached ** piety under Trog
  2018 | D:2      | Reached XP level 4. HP: 27/29 MP: 4/4
  2283 | D:2      | Noticed a scorpion
  2291 | D:2      | Killed a scorpion
  2292 | D:2      | Reached XP level 5. HP: 34/34 MP: 5/5
  2700 | D:3      | Reached skill level 5 in Maces & Flails
  3466 | D:3      | Identified a scroll of acquirement
  3467 | D:3      | Acquired the amulet "Mymyo" {Reflect rC+ Int+2 Dex-4 SH+5}
  3538 | D:3      | Reached XP level 6. HP: 31/40 MP: 6/6
  3828 | D:4      | Reached skill level 5 in Fighting
  3828 | D:4      | Reached skill level 1 in Shields
  4045 | D:4      | Found a staircase to the Ecumenical Temple.
  4481 | D:4      | Reached XP level 7. HP: 41/44 MP: 7/7
  4788 | D:5      | Entered Level 5 of the Dungeon
  5398 | D:5      | Reached skill level 5 in Armour
  5901 | D:5      | Reached XP level 8. HP: 50/50 MP: 8/8
  5963 | D:5      | Identified the +4 war axe of the Spectre {flame, *Corrode
                  | rPois rN+++}
  6036 | D:5      | Found an ancient bone altar of Kikubaaqudgha.
  7423 | D:7      | Found a flagged portal.
  7435 | D:7      | Identified the ring of the City {*Slow rF++ rCorr Dex+3
                  | SInv}
  7443 | Bailey   | Entered a bailey
  7474 | Bailey   | Noticed an orc knight
  7498 | Bailey   | Reached XP level 9. HP: 55/55 MP: 9/9
  7947 | Bailey   | Gained mutation: Your muscles are strong. (Str +2) [potion
                  | of mutation]
  7947 | Bailey   | Gained mutation: You expend magic power (3 MP) to
                  | strengthen your wands. [potion of mutation]
  7947 | Bailey   | Gained mutation: You are agile. (Dex +2) [potion of
                  | mutation]
  8201 | Bailey   | Reached *** piety under Trog
  8269 | Bailey   | Killed an orc knight
  9568 | D:7      | Reached skill level 5 in Shields
 10145 | D:8      | Noticed a five-headed hydra
 10152 | D:8      | Killed a five-headed hydra
 10153 | D:8      | Reached XP level 10. HP: 63/63 MP: 10/10
 10725 | D:8      | Noticed Joseph
 10733 | D:8      | Killed Joseph
 10788 | D:8      | Noticed Prince Ribbit
 10795 | D:8      | Killed Prince Ribbit
 11059 | D:8      | Found a staircase to the Lair.
 11161 | D:8      | Reached skill level 10 in Maces & Flails
 11889 | D:8      | Found an ornate altar of the Wu Jian Council.
 11889 | D:8      | Found a shimmering blue altar of Sif Muna.
 12083 | D:8      | Found a basalt altar of Yredelemnul.
 12921 | D:9      | Reached skill level 10 in Armour
 12921 | D:9      | Reached XP level 11. HP: 68/68 MP: 11/11
 12951 | D:9      | Found an iron altar of Okawaru.
 13359 | D:9      | Found a transporter.
 13360 | D:9      | Found a transporter.
 13425 | D:9      | Identified the +3 long sword of the Glowing Seer {vorpal,
                  | rC+ rN+ Str+4 Dex+4}
 13505 | D:9      | Identified the +4 cloak "Pacsule" {+Blink}
 13628 | D:9      | Noticed a rakshasa
 13642 | D:9      | Killed a rakshasa
 13713 | D:9      | Found Kukhliz's Hallowed Reliquary.
 13713 | D:9      | Noticed an angel
 13968 | D:10     | Entered Level 10 of the Dungeon
 14037 | D:10     | Noticed Maggie
 14056 | D:10     | Killed Maggie
 14447 | D:10     | Found a broken altar of Ashenzari.
 14469 | D:10     | Found a staircase to the Orcish Mines.
 14934 | D:10     | Found Doacvuik's Neck Hole.
 15057 | D:11     | Noticed a six-headed hydra
 15062 | D:11     | Killed a six-headed hydra
 15327 | D:11     | Noticed a boulder beetle
 15341 | D:11     | Killed a boulder beetle
 15401 | D:11     | Noticed a two-headed ogre
 15407 | D:11     | Killed a two-headed ogre
 15603 | D:11     | Noticed a two-headed ogre
 15604 | D:11     | Noticed a sixfirhy
 16139 | D:11     | Killed a two-headed ogre
 16140 | D:11     | Reached XP level 12. HP: 76/76 MP: 12/12
 16623 | D:11     | Identified the +4 war axe "Zatz" {flame, rElec}
 16744 | D:12     | Noticed a two-headed ogre
 16751 | D:12     | Killed a two-headed ogre
 16811 | D:12     | Noticed Soldner's ghost (journeyman MiBe)
 16811 | D:12     | Noticed a two-headed ogre
 16811 | D:12     | Noticed a two-headed ogre
 16811 | D:12     | Noticed a two-headed ogre
 16812 | D:12     | Found a transporter.
 16812 | D:12     | Noticed a two-headed ogre
 16812 | D:12     | Identified the +6 great mace "Kouscho" {pain, Dex+5 Stlth-}
 16812 | D:12     | Noticed a two-headed ogre
 16814 | D:12     | Noticed a two-headed ogre
 16815 | D:12     | Found a transporter.
 16837 | D:12     | Noticed a boulder beetle
 16838 | D:12     | Noticed a two-headed ogre
 16859 | D:12     | Killed a boulder beetle
 17396 | D:12     | Noticed a boulder beetle
 17864 | D:12     | Killed a boulder beetle
 18146 | D:12     | Noticed a two-headed ogre
 18159 | D:12     | Killed a two-headed ogre
 18160 | D:12     | Reached skill level 10 in Fighting
 18390 | D:12     | Killed a two-headed ogre
 18596 | D:12     | Noticed a cyan very ugly thing
 18610 | D:12     | Killed a purple very ugly thing
 19421 | D:13     | Noticed a boulder beetle
 19468 | D:13     | Killed a boulder beetle
 19582 | D:13     | Found a gate to the Vaults.
 19582 | D:13     | Noticed a two-headed ogre
 19582 | D:13     | Noticed a vault guard
 19582 | D:13     | Noticed a vault guard
 19582 | D:13     | Noticed a vault guard
 19582 | D:13     | Noticed a vault guard
 19582 | D:13     | Noticed a five-headed hydra
 19598 | D:14     | Reached XP level 13. HP: 72/83 MP: 13/13
 20617 | D:14     | Found an ornate altar of the Wu Jian Council.
 20876 | D:14     | Noticed Frances
 20891 | D:14     | Killed Frances
 21802 | D:13     | Noticed Erolcha
 21825 | D:13     | Killed Erolcha
 21843 | D:13     | Noticed Nessos
 21869 | D:13     | Killed Nessos
 22417 | D:13     | Killed a vault guard
 22504 | D:13     | Noticed Sonja
 22520 | D:13     | Killed a vault guard
 22603 | D:13     | Killed Sonja
 22771 | D:13     | Found a runed translucent gate.
 22771 | D:13     | Found a runed translucent gate.
 22781 | D:13     | Killed a vault guard
 22829 | D:13     | Found a runed translucent gate.
 22830 | D:13     | Noticed Soldner's ghost (journeyman GrBe)
 22880 | D:13     | Killed a vault guard
 23238 | D:13     | Found a portal to a secret trove of treasure.
 23317 | D:13     | Reached skill level 10 in Shields
 23317 | D:13     | Gained mutation: Your large and strong wings let you fly.
                  | [Gargoyle growth]
 23317 | D:13     | Reached XP level 14. HP: 92/92 MP: 14/14
 24693 | D:14     | Noticed Louise
 24707 | D:13     | Reached * piety under Trog
 25010 | D:13     | Cast into level 2 of the Abyss (Louise)
 25117 | Abyss:2  | Noticed a tentacled starspawn
 25139 | Abyss:2  | Found a corrupted altar of Lugonu.
 25164 | Abyss:2  | Noticed a starcursed mass
 25178 | Abyss:2  | Paralysed by accursed screaming for 1 turns
 25290 | Abyss:2  | Noticed a cacodemon
 25361 | Abyss:2  | Noticed a lich
 25424 | Abyss:2  | Noticed a revenant
 25583 | Abyss:2  | Noticed a starcursed mass
 25589 | Abyss:2  | Paralysed by accursed screaming for 1 turns
 25672 | Abyss:4  | Noticed a starcursed mass
 25674 | Abyss:5  | Entered Level 5 of the Abyss
 25690 | Abyss:5  | Noticed a tentacled starspawn
 25720 | Abyss:5  | Found a sparkling altar of Nemelex Xobeh.
 25736 | Abyss:5  | Lost mutation: Your muscles are strong. (Str +2) [potion of
                  | mutation]
 25736 | Abyss:5  | Lost mutation: You are agile. (Dex +2) [potion of mutation]
 25736 | Abyss:5  | Gained mutation: You are partially covered in large bone
                  | plates. (SH +4) [potion of mutation]
 25736 | Abyss:5  | Gained mutation: You passively dampen the noise of your
                  | surroundings. [potion of mutation]
 25742 | Abyss:5  | HP: 5/138 [thrashing horror (2)]
 25745 | Abyss:5  | HP: 2/138 [thrashing horror (2)]
 25748 | Abyss:5  | Slain by a thrashing horror

Illustrated notes

Levels and vault maps discovered:
D:1:      ldierk_walled_garden_2, layout_basic,
          shapermc_ecumenical_altar_mp_ritualfount
D:2:      layout_basic, minmay_distorted
D:3:      layout_rooms
D:4:      layout_basic, minmay_temple_entry_mist, st_stairs_2
D:5:      layout_basic, kiku_gazebo_pond_becter, serial_aquarium,
          aquarium_bridge_long_joined [aquarium_subvault_window,
          aquarium_subvault_bridge, aquarium_subvault_bridge,
          aquarium_subvault_bridge, aquarium_subvault_window,
          aquarium_subvault_balcony], aquarium_bridge_square
          [aquarium_subvault_bridge, aquarium_subvault_window,
          aquarium_subvault_balcony, aquarium_subvault_wall], aquarium_window_1,
          aquarium_window_1, aquarium_window_corridor_3, aquarium_view_2b,
          aquarium_pool_five
D:6:      layout_rooms, kennysheep_generic_room_14
D:7:      layout_cave_pods, serial_column_ruins, column_ruins_corridor_corner,
          column_ruins_open_small, column_ruins_open_tiny, column_ruins_grid_3,
          enter_bailey_2
D:8:      layout_gridville, gammafunk_temple_overflow_wave,
          nicolae_overflow_hidden_temple, lair_entry_dummy, uniq_prince_ribbit1,
          uniq_joseph
D:9:      gammafunk_beogh_shrine, layout_basic,
          mainiacjoe_overflow_concentric_impassable, nicolae_good_shop
D:10:     layout_roguey, general_overflow_altar, orc_david_3,
          nicolae_shop_sticking_my_neck_out, uniq_maggie
D:11:     layout_roguey
D:12:     lemuel_flame_loot_2, layout_loops_cross, gammafunk_ghost_smash,
          minmay_fractal_squares_gapless_7
D:13:     layout_basic, lightli_vaults_fourway_checkpoint, enter_trove_2,
          gammafunk_ghost_hydra_chop, uniq_erolcha, uniq_nessos, uniq_sonja
D:14:     minmay_the_grid_square_5x5_3x3 [minmay_the_grid_square_5x5_shrine1,
          minmay_the_grid_square_5x5_doubleslash,
          minmay_the_grid_square_5x5_intrusive_squares,
          minmay_the_grid_square_5x5_almost_minimal,
          minmay_the_grid_square_5x5_megaprize_crossed,
          minmay_the_grid_square_5x5_dogpile,
          minmay_the_grid_square_5x5_fancy_junction,
          minmay_the_grid_square_5x5_tetrominoes,
          minmay_the_grid_square_5x5_bridge], layout_basic,
          nicolae_wu_jian_wuxing_cycle, xom_confusion_cloud, uniq_frances,
          uniq_louise
Abyss:5:  base: D:4, evilmike_abyss_exit_glass,
          evilmike_abyss_rune_siren_acolytes, evilmike_abyss_exit_3,
          nicolae_abyss_rune_star_stuff

Skill      XL: |  1  2  3  4  5  6  7  8  9 10 11 12 13 |
---------------+----------------------------------------+-----
Fighting       | 4 5 6 7 8 9 10 12 | 12.2
Maces & Flails | 4 5 6 7 9 11 12 14 | 14.9
Shields        | 1 2 3 5 6 7 8 10 | 10.1
Armour         | 3 5 6 8 10 11 12 14 | 14.2
Dodging        | |  1.6

Action                   |  1- 3 |  4- 6 |  7- 9 | 10-12 | 13-15 || total
-------------------------+-------+-------+-------+-------+-------++-------
Melee: Mace              |    95 |   158 |   386 |     2 |       ||   641
       Punch             |       |     3 |     4 |     4 |     3 ||    14
       Flail             |       |       |       |   559 |   379 ||   938
       Glaive            |       |       |       |     6 |       ||     6
Invok: Berserk           |       |     7 |    17 |    33 |    24 ||    81
       Trog's Hand       |       |       |     2 |     5 |     4 ||    11
 Abil: Evoke Blink       |       |       |       |       |     1 ||     1
Evoke: Wand              |       |       |       |       |     1 ||     1
  Use: Scroll            |       |     4 |     9 |     6 |    11 ||    30
       Potion            |       |       |     9 |     8 |    11 ||    28
 Stab: Sleeping          |       |     1 |       |       |       ||     1
Armor: Animal skin       |    36 |    33 |       |       |       ||    69
       Chain mail        |       |    31 |   133 |       |       ||   164
       Plate armour      |       |       |    65 |   361 |   300 ||   726
       Skin              |       |       |       |       |    33 ||    33
Dodge: Dodged            |    61 |   101 |   170 |   346 |   165 ||   843
Block: Other             |       |    21 |    99 |   155 |    36 ||   311
       Reflection        |       |       |     9 |     2 |     7 ||    18
       Tower shield      |       |       |       |       |   340 ||   340
